 Dungeon Crawl Stone Soup version 0.27-a0-909-g0721f309d1 (webtiles) character file.

Game seed: 13691164180320418934

94 Alarkh the Insei (level 4, -3/35 HPs)
             Began as a Demonspawn Gladiator on Apr 8, 2021.
             Slain by Ijyb
             ... wielding a +5 dagger of electrocution
              (18 damage)
             ... on level 3 of the Dungeon.
             The game lasted 00:01:25 (1851 turns).

Alarkh the Insei (Demonspawn Gladiator)             Turns: 1851, Time: 00:01:26

Health: -3/35      AC:  5    Str: 14    XL:     4   Next: 38%
Magic:  4/4        EV: 14    Int: 10    God:
Gold:   0          SH:  0    Dex: 15    Spells: 3/3 levels left

rFire    . . .     SeeInvis .     - Unarmed
rCold    . . .     Faith    .   (no shield)
rNeg     . . .     Spirit   .   a - +0 leather armour
rPois    .         Reflect  .   b - +0 helmet
rElec    .         Harm     .   i - +0 cloak
rCorr    .         Rampage  .   (no gloves)
Will     .....                  (no boots)
Stlth    ..........             (no amulet)
HPRegen  0.11/turn              d - +4 ring of slaying
MPRegen  0.09/turn              (no ring)

@: confused
A: hooves 1, repulsion field 1
a: no special abilities


You were on level 3 of the Dungeon.
You visited 1 branch of the dungeon, and saw 3 of its levels.

Inventory:

Missiles
 c - 3 throwing nets (quivered)
Armour
 a - a +0 leather armour (worn)
 b - a +0 helmet (worn)
 i - a +0 cloak (worn)
Jewellery
 d - a +4 ring of slaying (left hand)
 e - a ring of ice
Scrolls
 f - a scroll of blinking {unknown}
 g - 2 scrolls of teleportation {unknown}
 h - a scroll of enchant armour {unknown}
 j - a scroll of vulnerability {unknown}
 m - a scroll of magic mapping {unknown}
 o - a scroll of fear {unknown}
 r - a scroll of identify {unknown}
Potions
 k - a potion of resistance {unknown}
 l - a potion of curing
 n - a potion of invisibility {unknown}
 p - a potion of brilliance {unknown}
 q - a potion of heal wounds


   Skills:
 + Level 3.1 Fighting
 - Level 1.7 Throwing
 - Level 2.6 Dodging
 * Level 4.2 Unarmed Combat


You had 3 spell levels left.
You didn't know any spells.
Your spell library was empty.

Dungeon Overview and Level Annotations

Branches:
Dungeon (3/15)

Altars:
Hepliaklqana

Shops:
D:2 (

Annotations:
D:3 Ijyb


Innate Abilities, Weirdness & Mutations

You have large cloven feet.
You are surrounded by a mild repulsion field. (EV +2)


Message History

No target in view!
No target in view!
Done exploring.
Done exploring.
(D) Dungeon
Where to? (Enter - D:2, ? - help)
There is a stone staircase leading down here.
You climb downwards.
Found an escape hatch in the floor.
There is a stone staircase leading up here.
A goblin comes into view. It is wielding a +0 dagger.
A goblin is nearby!
A goblin is nearby!
Found a stone staircase leading down.
The goblin hits you but does no damage.
You hit the goblin.
You kill the goblin!
No target in view!
No target in view!
No target in view!
No target in view!
No target in view!
No target in view!
No target in view!
You see here a +0 dagger.
Ijyb the Twisted Goblin comes into view.
She is wielding a +5 dagger of electrocution and carrying a wand of charming (8).
Ijyb is nearby!
Ijyb is nearby!
It was a potion of curing.
You feel better.
It was a potion of heal wounds.
You feel much better.
Ijyb zaps a wand.
Your will is overpowered!
You are confused.
You bump into the rock wall.
Ijyb closely misses you. Ijyb misses you.
Ijyb hits you with a +5 dagger of electrocution.
You are electrocuted!
You hit Ijyb but do no damage. You kick Ijyb, but do no damage.
Ijyb hits you with a +5 dagger of electrocution.
You are electrocuted!!
Ouch! That really hurt!
You die...

#...##.##
#...##..#
#.......#
#.....#..#
#.....# #
#.....#
#.....#
#.....#
#..@g.#
#.....#
#$....#
#.....#
#.....#
#....##
#....#
#....#


You could see Ijyb.

Vanquished Creatures
  2 adders (D:2)
  3 gnolls (D:2)
  3 dart slugs
  A bat (D:2)
  An endoplasm (D:1)
  2 giant cockroaches
  2 goblins
  5 hobgoblins
  4 jackals (D:1)
  3 quokkas
  4 ball pythons (D:1)
  A frilled lizard (D:1)
  6 kobolds
  2 rats (D:2)
39 creatures vanquished.

Notes
Turn   | Place    | Note
-------+----------+-------------------------------------------
     0 | D:1      | Alarkh the Demonspawn Gladiator began the quest for the
                  | Orb.
     0 | D:1      | Reached XP level 1. HP: 16/16 MP: 1/1
   215 | D:1      | Reached skill level 3 in Unarmed Combat
   230 | D:1      | Gained mutation: You have large cloven feet. [demonic
                  | ancestry]
   230 | D:1      | Reached XP level 2. HP: 19/22 MP: 2/2
   716 | D:2      | Gained mutation: You are surrounded by a mild repulsion
                  | field. (EV +2) [demonic ancestry]
   716 | D:2      | Reached XP level 3. HP: 28/28 MP: 3/3
   734 | D:2      | Found Inafump's Antique Weapon Shoppe.
   919 | D:2      | Found a hazy altar of Hepliaklqana.
  1235 | D:2      | Reached skill level 4 in Unarmed Combat
  1235 | D:2      | Reached XP level 4. HP: 34/34 MP: 4/4
  1842 | D:3      | Noticed Ijyb
  1851 | D:3      | Slain by Ijyb

Illustrated notes

Levels and vault maps discovered:
D:1:      noname_arrival_rooms_in_the_neighbourhood, layout_loops_ring,
          minmay_misc_feat_chi
D:2:      layout_basic, basic_altar, serial_shops, shop_fountains
D:3:      minmay_skewed_foursquare, layout_basic, nzn_wu_jian_contemplation,
          basic_ecumenical_altar, gammafunk_ghost_grave,
          chequers_serial_rivers_room_a, minmay_fractal_squares_gapless_5,
          uniq_grinder, uniq_ijyb

Skill      XL: |  1  2  3  4 |
---------------+-------------+-----
Unarmed Combat | 3 4 |  4.2
Fighting       | 3 |  3.1
Throwing       | |  1.7
Dodging        | |  2.6

Action                   |  1- 3 |  4- 6 || total
-------------------------+-------+-------++-------
Melee: Unarmed           |    75 |    16 ||    91
       Kick              |    14 |     2 ||    16
  Use: Potion            |       |     2 ||     2
 Stab: Sleeping          |     1 |       ||     1
Armor: Leather armour    |    17 |     2 ||    19
Dodge: Dodged            |    63 |    10 ||    73

Table legend: (Time is in decaauts)
 A = Elapsed time spent in this place.
 B = Non-inter-level travel time spent in this place.
 C = Inter-level travel time spent in this place.
 D = Time resting spent in this place.
 E = Time spent auto-exploring this place.
 F = Levels seen in this place.
 G = Mean time per level.
                   A        B        C        D        E       F      G
               +--------+--------+--------+--------+--------+-----+--------+
         Total |   1846 |   1794 |     52 |    213 |   1341 |   3 |  615.3 |
       Dungeon |   1846 |   1794 |     52 |    213 |   1341 |   3 |  615.3 |
               +--------+--------+--------+--------+--------+-----+--------+

Top non-repeatable levels by time:
     D:1: 914 daAuts
     D:2: 905 daAuts
     D:3: 26 daAuts
